 Dungeon Crawl Stone Soup version 0.16.1-11-g651b585 (webtiles) character file.

118 Woebin the Sneak (level 4, 0/30 HPs)
             Began as a Vampire Enchanter on Mar 31, 2015.
             Slain by a gnoll
             ... wielding a +0 flail
              (10 damage)
             ... on level 2 of the Dungeon.
             The game lasted 00:08:50 (2859 turns).

Woebin the Sneak (Vampire Enchanter)                Turns: 2859, Time: 00:08:51

Health: 0/30       AC:  5    Str:  7    XL:     4   Next: 72%
Magic:  0/8        EV: 13    Int: 17    God:
Gold:   87         SH:  0    Dex: 15    Spells: 3 memorised, 1 level left

rFire  . . .     SeeInvis +     a - +0 dagger (venom)
rCold  + + .     Clarity  .     b - +1 robe
rNeg   + + +     SustAb   .     (no shield)
rPois  +         Gourm    .     l - +0 helmet
rElec  .         Spirit   .     p - +0 cloak
rCorr  .         Warding  .     (no gloves)
rMut   .         Stasis   .     (no boots)
MR     .....                    (no amulet)
Stlth  ++++......               (no ring)
                                (no ring)

@: very slightly contaminated, regenerating slowly, not resistant to hostile
enchantments, stealthy
A: bottle blood, fangs 3, see invisible, unbreathing
a: Bat Form


You were on level 2 of the Dungeon.
You were near bloodless.

You visited 1 branch of the dungeon, and saw 3 of its levels.

You collected 87 gold pieces.

Inventory:

Hand weapons
 a - a +0 dagger of venom (weapon)
 n - a +1 dagger
Missiles
 g - 16 stones (quivered)
Armour
 b - a +1 robe (worn)
 l - a +0 helmet (worn)
 p - a +0 cloak (worn)
Scrolls
 d - a scroll of remove curse {unknown}
 e - a scroll of amnesia {unknown}
 h - a scroll of blinking {unknown}
 m - a scroll of noise {unknown}
 q - a scroll of identify
Potions
 f - a potion of agility
 i - a potion of flight
 j - a potion of brilliance {unknown}
 k - a potion of heal wounds {unknown}
 o - a potion of restore abilities {unknown}
Books
 c - a book of Maledictions

   Spells                             Type                      Level
   a - Corona                         Hexes                        1
   b - Sure Blade                     Hexes/Charms                 2
   c - Ensorcelled Hibernation        Hexes/Ice                    2
   d - Confuse                        Hexes                        3
   e - Dazzling Spray                 Conjuration/Hexes            3
   f - Enslavement                    Hexes                        4


   Skills:
 + Level 0.1 Fighting
 + Level 1.2 Short Blades
 + Level 2.8 Dodging
 + Level 5.8 Stealth
 + Level 2.6 Spellcasting
 + Level 5.6 Hexes
 + Level 1.1 Ice Magic


You had one spell level left.
You knew the following spells:

 Your Spells              Type           Power        Failure   Level  Hunger
a - Corona                Hex            ###....      1%          1    #......
b - Ensorcelled Hibernat  Hex/Ice        ##....       10%         2    ##.....
c - Enslavement           Hex            ###.....     21%         4    #####..


Dungeon Overview and Level Annotations

Branches:
Dungeon (3/15)

Altars:
Fedhas


Innate Abilities, Weirdness & Mutations

You heal slowly.
You can bottle blood from corpses.
You have razor-sharp teeth.
You have supernaturally acute eyesight.
You can survive without breathing.


Message History

The gnoll is lightly wounded.
The gnoll barely misses you.
The gnoll looks more healthy.
You see here 20 stones.
Casting: Ensorcelled Hibernation
Confirm with . or Enter, or press ? or * to list all spells.
Aiming: Ensorcelled Hibernation
Press: ? - help, Shift-Dir - straight line, f/p - gnoll
Aim: a gnoll, wielding a flail (heavily wounded, chance 52%)
You miscast Ensorcelled Hibernation.
A chill runs through your body. The gnoll hits you with a flail!
You hit the gnoll but do no damage.
The gnoll is poisoned.
The gnoll is heavily wounded.
A worker ant comes into view.
The worker ant twitches its antennae in your direction.
The gnoll looks more healthy.
You hit the gnoll. Your bite misses the gnoll.
The gnoll is almost dead.
The gnoll hits you with a flail!
You die...

###..............#
#.##.# #
#....รท......##.#
#.##.# #
#.####.##.####.#
#.##.# # #.#
#.##(# #.# #.##.#
###.#
#.##.####.###.##.#
....#
#.##...........a.#
#####
#.#######.###.####
#.# #g# #.# #.#
#@# #.# #.# #.#
#.# #.# #.# #.#
#.# #.# #.# #.####
#.# #.# #....#
#.###.# ####.#
#.....# #.#
####..# #># #..#


You could see a gnoll.

Vanquished Creatures
  Crazy Yiuf (D:2)
  Robin (D:2)
  2 adders
  A gnoll (D:3)
  3 orcs (D:2)
  A giant cockroach (D:1)
  12 goblins
  7 hobgoblins
  3 jackals (D:2)
  4 kobolds
  2 quokkas (D:2)
  4 bats
  2 giant newts (D:1)
  4 rats
47 creatures vanquished.

Notes
Turn   | Place    | Note
--------------------------------------------------------------
     0 | D:1      | Woebin, the Vampire Enchanter, began the quest for the Orb.
     0 | D:1      | Reached XP level 1. HP: 13/13 MP: 3/3
   522 | D:1      | Reached XP level 2. HP: 16/19 MP: 2/4
   526 | D:1      | Learned a level 2 spell: Ensorcelled Hibernation
   945 | D:2      | Reached skill level 5 in Hexes
  1268 | D:1      | Reached XP level 3. HP: 16/24 MP: 1/6
  1527 | D:2      | Noticed Robin
  1709 | D:2      | Killed Robin
  1772 | D:2      | Reached skill level 5 in Stealth
  2323 | D:2      | Reached XP level 4. HP: 27/30 MP: 0/8
  2398 | D:2      | Learned a level 4 spell: Enslavement
  2499 | D:2      | Found a blossoming altar of Fedhas.
  2584 | D:2      | Noticed Crazy Yiuf
  2590 | D:2      | Killed Crazy Yiuf
  2590 | D:2      | Reached skill level 1 in Ice Magic
  2859 | D:2      | Slain by a gnoll

Action                   |  1- 3 |  4- 6 || total
-------------------------+-------+-------++-------
Melee: Dagger            |   101 |    10 ||   111
 Cast: Corona            |    10 |       ||    10
       Ensorcelled Hiber |    30 |     4 ||    34
  Use: Scroll            |     2 |       ||     2
 Stab: Sleeping          |    25 |     5 ||    30
  Eat: Corpse            |     1 |       ||     1
